Map: Ruins of Seras

Players

Bagain - Winner!

  • Race: Protoss Protoss
  • League: Gold

A.I. 1 (Medium)

  • Race: Zerg Zerg

VOD

Have the link to the VOD?

Description

Time

  • Played on: Feb. 25, 2016, 11:18 a.m.
  • Length: 12:30
Show
View Real Time Build Order
Export as new Build Order

Bagain Protoss - Winner!

Build Orders: Oracle Opening 

Get SALT Encoding   

  12  0:01  Probe (Chrono Boost)  
  13  0:12  Probe (Chrono Boost)  
  14  0:21  Pylon  
  14  0:22  Probe (Chrono Boost)  
  15  0:40  Gateway, Probe (Chrono Boost)  
  16  0:46  Assimilator  
  16  0:50  Probe (Chrono Boost)  
  17  1:01  Probe (Chrono Boost)  
  18  1:11  Probe (Chrono Boost)  
  19  1:20  Pylon  
  19  1:22  Probe (Chrono Boost)  
  19  1:23  Assimilator  
  20  1:29  Cybernetics Core  
  20  1:32  Probe (Chrono Boost)  
  21  1:43  Probe (Chrono Boost)  
  22  1:56  Probe (Chrono Boost)  
  23  2:06  Stargate  
  23  2:07  Probe (Chrono Boost)  
  24  2:13  Adept  
  26  2:16  Pylon  
  26  2:24  Warp Gate  
  26  2:34  Nexus  
  26  2:41  Pylon  
  25  2:49  Mothership Core (Chrono Boost)  
  27  2:57  Adept  
  29  3:07  Probe (Chrono Boost)  
  29  3:11  Oracle  
  33  3:18  Probe (Chrono Boost)  
  34  3:28  Gateway, Probe (Chrono Boost)  
  34  3:33  Gateway  
  35  3:42  Adept  
  35  3:48  Probe x2 (Chrono Boost)  
  39  3:58  Probe x2 (Chrono Boost)  
  41  4:09  Probe x2 (Chrono Boost)  
  43  4:12  Twilight Council  
  43  4:17  Robotics Facility  
  43  4:20  Probe (Chrono Boost)  
  43  4:21  Probe (Chrono Boost)  
  47  4:45  Probe x2 (Chrono Boost)  
  47  4:50  Gateway  
  47  4:51  Gateway  
  47  4:54  Assimilator  
  47  4:56  Probe x2 (Chrono Boost)  
  47  4:58  Assimilator  
  49  5:06  Stalker x2  
  53  5:21  Stalker  
  55  5:30  Probe x2 (Chrono Boost)  
  57  5:37  Robotics Bay  
  57  5:41  Probe (Chrono Boost)  
  58  5:42  Gateway  
  58  5:43  Stalker x2  
  58  5:44  Gateway  
  62  5:50  Resonating Glaives  
  62  5:56  Pylon  
  62  6:00  Pylon  
  62  6:03  Pylon  
  62  6:06  Pylon  
  62  6:14  Probe x2 (Chrono Boost)  
  64  6:21  Adept x4  
  64  6:22  Adept  
  64  6:25  Probe (Chrono Boost)  
  75  6:38  Probe x2 (Chrono Boost)  
  77  6:45  Adept x2  
  77  6:46  Adept x3  
  87  7:02  Zealot x2  
  87  7:07  Robotics Facility  
  91  7:13  Disruptor  
  92  7:49  Disruptor  
  80  8:02  Adept  
  80  8:03  Adept x6  
  92  8:38  Disruptor  
  81  9:13  Disruptor  
  78  9:34  Stalker x3  
  78  9:35  Stalker x4  
  93  10:15  Disruptor  
  87  10:51  Disruptor  
Show
View Real Time Build Order
Export as new Build Order

A.I. 1 (Medium) Zerg 

Build Orders: Hatch First 

Get SALT Encoding   

  12  0:00  Drone  
  13  0:12  Overlord  
  13  0:17  Drone  
  14  0:30  Drone  
  14  0:33  Drone  
  16  0:36  Drone  
  17  0:54  Hatchery  
  17  0:56  Drone  
  17  1:12  Spawning Pool  
  17  1:13  Drone  
  17  1:16  Drone  
  18  1:18  Extractor  
  18  1:22  Drone  
  18  1:28  Overlord  
  18  1:59  Queen  
  18  2:00  Zergling x4  
  22  2:02  Roach Warren, Drone  
  22  2:03  Extractor  
  22  2:05  Drone  
  22  2:26  Drone  
  22  2:29  Drone  
  24  2:32  Drone  
  25  2:40  Overlord  
  25  2:42  Roach  
  27  2:51  Drone  
  28  2:54  Drone  
  28  2:58  Drone  
  30  2:59  Roach  
  30  3:00  Lair  
  32  3:16  Ravager  
  33  3:22  Extractor, Drone  
  33  3:31  Roach  
  35  3:35  Overlord, Drone  
  36  3:45  Drone  
  36  3:48  Drone  
  38  3:52  Drone  
  38  3:55  Drone  
  40  3:59  Drone  
  40  4:00  Hydralisk Den  
  40  4:03  Drone  
  40  4:05  Drone  
  42  4:11  Overlord  
  42  4:15  Drone  
  43  4:18  Drone  
  43  4:21  Drone  
  43  4:24  Drone  
  46  4:26  Drone  
  46  4:29  Drone  
  46  4:30  Hydralisk  
  48  4:35  Drone  
  43  4:40  Drone  
  43  4:43  Drone  
  43  4:46  Drone  
  43  4:48  Roach  
  43  4:49  Drone  
  47  4:54  Drone  
  47  4:58  Drone  
  49  5:05  Drone  
  50  5:07  Roach  
  50  5:13  Overlord  
  53  5:14  Drone  
  53  5:17  Drone  
  54  5:24  Hydralisk  
  56  5:31  Overlord, Drone  
  56  5:34  Drone, Overseer  
  56  5:35  Overseer  
  58  5:38  Drone  
  58  5:41  Drone  
  58  5:42  Ravager x2  
  62  5:48  Hydralisk  
  64  5:50  Drone  
  64  5:51  Overlord  
  64  5:53  Drone  
  64  5:56  Drone  
  67  6:00  Drone  
  67  6:03  Baneling Nest, Drone  
  68  6:10  Evolution Chamber  
  68  6:11  Overlord, Spore Crawler  
  67  6:13  Roach  
  67  6:17  Spore Crawler  
  67  6:19  Spore Crawler, Drone  
  67  6:22  Drone  
  67  6:24  Drone  
  67  6:25  Spore Crawler  
  68  6:27  Drone  
  68  6:29  Hydralisk  
  68  6:32  Queen  
  71  6:33  Drone  
  71  6:36  Drone  
  75  6:42  Spine Crawler  
  75  6:43  Drone  
  75  6:45  Spine Crawler  
  75  6:46  Drone  
  75  6:48  Roach  
  75  6:49  Drone  
  75  6:52  Drone  
  79  6:55  Drone, Spine Crawler  
  79  6:58  Drone  
  80  7:04  Overlord, Spine Crawler  
  80  7:07  Queen  
  81  7:09  Roach  
  81  7:13  Infestation Pit  
  82  7:15  Drone  
  82  7:19  Spire, Drone  
  83  7:23  Evolution Chamber  
  83  7:25  Drone  
  82  7:45  Zergling x2  
  58  8:02  Roach  
  57  8:06  Queen  
  57  8:09  Queen  
  57  8:11  Overlord, Overseer  
  56  8:19  Roach  
  58  8:25  Drone  
  46  8:28  Drone  
  46  8:31  Drone  
  46  8:33  Drone  
  40  8:36  Roach, Drone  
  40  8:37  Spore Crawler  
  40  8:39  Drone  
  40  8:42  Drone  
  40  8:43  Mutalisk  
  40  8:45  Drone  
  42  8:48  Drone  
  42  8:50  Mutalisk  
  42  8:51  Drone  
  35  8:56  Drone  
  35  8:58  Mutalisk  
  35  8:59  Drone  
  35  9:02  Drone  
  28  9:09  Drone  
  23  9:11  Roach, Hatchery  
  22  9:20  Queen  
  22  9:21  Drone  
  22  9:23  Zergling x2  
  22  9:24  Drone  
  27  9:30  Drone  
  26  9:35  Roach, Drone  
  23  9:41  Drone  
  22  9:46  Hydralisk  
  22  9:47  Drone  
  21  10:22  Drone  
  21  10:23  Zergling x2, Overseer  
  21  10:25  Drone  
  13  10:52  Drone  
  13  10:53  Hatchery  
  13  10:58  Drone  
  14  11:08  Drone  
  15  11:15  Drone  
  16  11:29  Drone  
Tags
 
Add a new tag
Caveats
  • Supply blocks, unpowered buildings, or Contaminate may cause inaccurate times.
  • Supply counts are checked every 10 seconds.